 Dungeon Crawl Stone Soup version 0.29-a0-824-gd827844252 (webtiles) character file.

Game seed: 6365021747485373616

1 mattiecakes the Chopper (level 1, 0/19 HPs)
             Began as a Meteoran Cinder Acolyte on July 10, 2022.
             Was a High Priest of Ignis.
             Slain by a gnoll
             ... wielding a +0 spear
              (2 damage)
             ... on level 1 of the Dungeon.
             The game lasted 00:01:20 (57 turns).

mattiecakes the Chopper (Meteoran Cinder Acolyte)     Turns: 57, Time: 00:01:20

Health: 0/19       AC:  9    Str: 15    XL:     1   Next: 28%
Magic:  3/3        EV: 11    Int: 15    God:    Ignis [*****.]
Gold:   0          SH:  0    Dex:  9    Spells: 2/2 levels left

rFire   + . .      SeeInvis .   a - -1 hand axe (flame)
rCold   . . .      Faith    .   (no shield)
rNeg    . . .      Spirit   .   b - +0 robe
rPois   .          Reflect  .   (no helmet)
rElec   .          Harm     .   (no cloak)
rCorr   .          Rampage  .   (no gloves)
Will    .....                   (no boots)
Stlth   +.........              (no amulet)
HPRegen 0.06/turn               (no ring)
MPRegen 0.08/turn               (no ring)

@: fiery-armoured, glowing
A: sense surroundings 1, otherworldly, glowing, explore regen
a: Renounce Religion, Fiery Armour, Foxfire Swarm, Rising Flame


You were on level 1 of the Dungeon.
You worshipped Ignis.
Ignis was extremely pleased with you.
You visited 1 branch of the dungeon, and saw 1 of its levels.

Inventory:

Hand Weapons
 a - a -1 hand axe of flaming (weapon)
Armour
 b - a +0 robe (worn)
Jewellery
 c - a ring of flight


   Skills:
 - Level 3.2 Fighting
 + Level 3.7 Axes
 - Level 1.3 Spellcasting
 - Level 3.6 Fire Magic


You had 2 spell levels left.
You didn't know any spells.
Your spell library contained the following spells:

 Spells                   Type           Power      Damage    Failure   Level
 Scorch                   Fire           22%        2d6       9%          2


Dungeon Overview and Level Annotations

Branches:
Dungeon (1/15) Zot: 541

Altars:


Innate Abilities, Weirdness & Mutations

You passively map a small area around you.
You are easily found by Zot.
You glow in the dark.
You regain HP and MP as you explore.


Message History

The hobgoblin shouts!
A hobgoblin is nearby!
Unknown command.
Found a scroll labelled LOUDYA MIATREPS.
An endoplasm comes into view.
A rat comes into view.
A gnoll comes into view. It is wielding a +0 spear.
The endoplasm quivers.
The gnoll shouts!
The hobgoblin misses you.
You hit the hobgoblin but do no damage. The hobgoblin closely misses you.
A quokka comes into view.
The gnoll misses you. The hobgoblin attacks as you move away!
The hobgoblin barely misses you.
The gnoll hits you from afar with a +0 spear!
The hobgoblin attacks as you move away!
The hobgoblin hits you but does no damage.
Okay, then.
You don't know any spells.
Okay, then.
Unknown command.
A protective cloak of flame settles atop you.
The gnoll hits you from afar with a +0 spear!
* * * LOW HITPOINT WARNING * * *
The hobgoblin barely misses you.
You hit the hobgoblin. You burn the hobgoblin.
You punch the hobgoblin, but do no damage.
The hobgoblin is severely wounded.
The gnoll hits you but does no damage. The hobgoblin misses you.
You hit the hobgoblin. You burn the hobgoblin.
You kill the hobgoblin!
The gnoll hits you from afar with a +0 spear.
* * * LOW HITPOINT WARNING * * *
You closely miss the rat. The gnoll barely misses you.
The rat closely misses you.
You closely miss the rat. The gnoll barely misses you.
The rat barely misses you.
You hit the rat. You burn the rat.
You kill the rat!
The gnoll hits you from afar with a +0 spear.
You die...

# .............. * *
...#....#.)..... * *
,..............., ,
, .* * #.......# , *
... #.......# * **
.....#.......# *
,.......gJ##### * *
### .....###r# ###..
...?.* #@## ####....
, ..r# ##..####
##....... , ...
#......####........
..
#...#...##.....##..
#.#..##......######.
, ,..###...##...##
##. , * ###*
##.....<..#####.. *
..#####......#... ,
, ... ####.....##


You could see a gnoll, an endoplasm and a quokka.

Vanquished Creatures
  A hobgoblin (D:1)
  A rat (D:1)
2 creatures vanquished.

Notes
Turn   | Place    | Note
-------+----------+-------------------------------------------
     0 | D:1      | mattiecakes the Meteoran Cinder Acolyte began the quest for
                  | the Orb.
     0 | D:1      | Reached XP level 1. HP: 19/19 MP: 3/3
    57 | D:1      | Slain by a gnoll

Illustrated notes

Levels and vault maps discovered:
D:1:      dpeg_arrival_round_c, layout_rooms, shapermc_ecumenical_altar_ellora,
          serial_shops, nicolae_shop_temple_entry_statues_fountains,
          amethyst_killhole, minivault_23, supply_closet_lemuel

Action                   || total
-------------------------++-------
Melee: Hand axe          ||     6
       Punch             ||     1
Invok: Fiery Armour      ||     1
Armor: Robe              ||     2
Dodge: Dodged            ||    10

Table legend: (Time is in decaauts)
 A = Elapsed time spent in this place.
 B = Non-inter-level travel time spent in this place.
 C = Inter-level travel time spent in this place.
 D = Time resting spent in this place.
 E = Time spent auto-exploring this place.
 F = Levels seen in this place.
 G = Mean time per level.
                   A        B        C        D        E       F      G
               +--------+--------+--------+--------+--------+-----+--------+
         Total |     57 |     57 |      0 |      0 |     40 |   1 |   57.0 |
       Dungeon |     57 |     57 |      0 |      0 |     40 |   1 |   57.0 |
               +--------+--------+--------+--------+--------+-----+--------+

Top non-repeatable levels by time:
     D:1: 57 daAuts
